 Dungeon Crawl Stone Soup version 0.25-b1-23-ge2ad7d536c (webtiles) character file.

Game seed: 2326165731936265369, levelgen mode: deterministic

84 Esekla the Vexing (level 4, -5/33 HPs)
             Began as a Demonspawn Arcane Marksman on June 1, 2020.
             Slain by Natasha (7 damage)
             ... on level 2 of the Dungeon.
             The game lasted 00:10:43 (1492 turns).

Esekla the Vexing (Demonspawn Arcane Marksman)      Turns: 1492, Time: 00:10:44

Health: -5/33      AC:  0    Str: 13 (14) XL:     4   Next: 23%
Magic:  5/5        EV: 12    Int:  9 (12) God:
Gold:   61         SH:  0    Dex: 10 (13) Spells: 4/5 levels left

rFire    + . .     SeeInvis .   h - +0 short sword
rCold    . . .     Gourm    .   (no shield)
rNeg     . . .     Faith    .   a - +0 robe
rPois    +         Spirit   .   (helmet restricted)
rElec    .         Reflect  .   j - +0 cloak
rCorr    .         Harm     .   l - +0 pair of gloves
MR       .....                  (no boots)
Stlth    +.........             (no amulet)
HPRegen  0.11/turn              i - ring of poison resistance
MPRegen  0.09/turn              (no ring)

@: brilliant, corroded
A: antennae 2, dopey 1, fire resistance 1, strong 1
a: no special abilities


You were on level 2 of the Dungeon.
You were hungry.

You visited 1 branch of the dungeon, and saw 2 of its levels.

You collected 61 gold pieces.

Inventory:

Hand Weapons
 e - a +0 spear
 h - a +0 short sword (weapon)
Missiles
 c - 2 javelins (quivered)
 d - a throwing net
Armour
 a - a +0 robe (worn)
 j - a +0 cloak (worn)
 l - a +0 pair of gloves (worn)
Jewellery
 i - a ring of poison resistance (left hand)
Scrolls
 o - a scroll of teleportation {unknown}
 q - a scroll of enchant weapon {unknown}
 r - a scroll of identify {unknown}
Potions
 g - a potion of might {unknown}
 k - a potion of mutation
 m - a potion of magic {unknown}
 n - a potion of brilliance
 p - a potion of ambrosia {unknown}
Comestibles
 f - 3 rations


   Skills:
 + Level 1.8 Fighting
 + Level 2.0 Short Blades
 - Level 1.7 Throwing
 + Level 3.0 Dodging
 + Level 1.1 Spellcasting
 - Level 3.0 Hexes


You had 4 spell levels left.
You knew the following spells:

 Your Spells              Type           Power        Failure   Level  Hunger
a - Corona                Hex            #......      11%         1    None

Your spell library contained the following spells:

 Spells                   Type           Power        Failure   Level  Hunger
 Slow                     Hex            #.......     16%         2    None
 Inner Flame              Hex/Fire       #.......     52%         3    None
 Portal Projectile        Hex/Tloc       #.....       52%         3    None
 Cause Fear               Hex            #.........   71%         4    None
 Leda's Liquefaction      Hex/Erth       #.........   89%         4    None


Dungeon Overview and Level Annotations

Branches:
Dungeon (2/15)

Altars:

Annotations:
D:2 Natasha


Innate Abilities, Weirdness & Mutations

You have a pair of antennae on your head.
You are dopey. (Int -2)
Your flesh is heat resistant. (rF+)
Your muscles are strong. (Str +2)


Message History

Natasha is moderately wounded.
Natasha mumbles some strange words.
You hit Natasha.
Natasha is moderately wounded.
Natasha casts a spell at you. You resist with some effort. The jelly hits you.
The acid corrodes you!
You are splashed with acid!
It was a potion of brilliance.
You feel clever all of a sudden. Natasha claws you!
The jelly closely misses you.
It was a potion of mutation.
You feel extremely strange.
You feel stupid.
You feel resistant to heat.
You feel stronger. Natasha claws you!
* * * LOW HITPOINT WARNING * * *
The jelly barely misses you.
It was a potion of degeneration.
There was something very wrong with that liquid.
You feel weakened.
You feel dopey.
You feel clumsy. Natasha claws you!
You die...

....... #..
..(.... #.....
....... #....##
#...S...#.....
#####.............
#................#
#..5.........###.
###h#.......# #.
##@#.......#
#..J.##...##
##..........##
#............#
#............#
#............#
##.............
#....##.......
#..... ..###.P


You could see a jelly, Natasha and a crimson imp (summoned).

Vanquished Creatures
  A scorpion (D:2)
  An adder (D:2)
  2 leopard geckos
  3 giant cockroaches
  5 hobgoblins (D:1)
  2 jackals (D:1)
  3 kobolds
  A ball python (D:2)
  3 bats (D:1)
  A goblin (D:1)
  A rat (D:2)
23 creatures vanquished.

Vanquished Creatures (others)
  4 toadstools (D:2)
4 creatures vanquished.

Grand Total: 27 creatures vanquished

Notes
Turn   | Place    | Note
-------+----------+-------------------------------------------
     0 | D:1      | Esekla the Demonspawn Arcane Marksman began the quest for
                  | the Orb.
     0 | D:1      | Reached XP level 1. HP: 15/15 MP: 2/2
   193 | D:1      | Gained mutation: You have a pair of small antennae on your
                  | head. [demonic ancestry]
   193 | D:1      | Reached XP level 2. HP: 2/21 MP: 1/3
   809 | D:2      | Reached skill level 1 in Short Blades
   839 | D:2      | Reached XP level 3. HP: 12/26 MP: 4/4
  1186 | D:2      | Noticed a scorpion
  1207 | D:2      | Killed a scorpion
  1207 | D:2      | Gained mutation: You have a pair of antennae on your head.
                  | [demonic ancestry]
  1207 | D:2      | Reached XP level 4. HP: 10/33 MP: 5/5
  1478 | D:2      | Noticed Natasha
  1491 | D:2      | Gained mutation: You are dopey. (Int -2) [potion of
                  | mutation]
  1491 | D:2      | Gained mutation: Your flesh is heat resistant. (rF+)
                  | [potion of mutation]
  1491 | D:2      | Gained mutation: Your muscles are strong. (Str +2) [potion
                  | of mutation]
  1492 | D:2      | Slain by Natasha

Illustrated notes

Levels and vault maps discovered:
D:1:      ebering_trefoil_twist, layout_rooms
D:2:      kennysheep_big_flooded_room, layout_rooms, dk_noncrumbling_4,
          minmay_gold_behind_fungi, minmay_tetromino_t4, uniq_natasha,
          uniq_robin

Skill      XL: |  1  2  3  4 |
---------------+-------------+-----
Dodging        | 2 3 |  3.0
Short Blades   | 1 2 |  2.0
Fighting       | |  1.8
Throwing       | |  1.7
Spellcasting   | |  1.1
Hexes          | |  3.0

Action                   |  1- 3 |  4- 6 || total
-------------------------+-------+-------++-------
Melee: Short sword       |   107 |     6 ||   113
       Unarmed           |     7 |       ||     7
Throw: Javelin           |     7 |     1 ||     8
       Throwing net      |     1 |       ||     1
 Cast: Corona            |     1 |       ||     1
  Use: Scroll            |     2 |       ||     2
       Potion            |       |     3 ||     3
 Stab: Sleeping          |     1 |       ||     1
  Eat: Chunk             |       |     1 ||     1
Armor: Robe              |    39 |     2 ||    41
Dodge: Dodged            |   100 |     5 ||   105
